[Event "*** Titled Tuesday Blitz"]
[Site "Chess.com"]
[Date "2018.07.03"]
[Round "10"]
[White "Godzillator"]
[Black "WPWPWP-2015"]
[Result "0-1"]
[WhiteElo "2313"]
[BlackElo "2394"]
[TimeControl "180+2"]
[EndTime "15:13:42 PDT"]
[Termination "WPWPWP-2015 won by resignation"]

1. d4 Nf6 2. c4 e6 3. Nc3 Bb4 4. Qc2 d5 5. cxd5 Qxd5 6. Nf3 Qf5 7. Qxf5 exf5 8. a3 Be7 9. Bf4 c6 10. e3 Nbd7 11. h3 Nb6 12. Bd3 a5 13. Nd2 Be6 14. Bg3 g6 15. O-O Nfd5 16. Rfc1 Bf6 17. Nxd5 Nxd5 18.
Nc4 O-O 19. Rab1 f4 20. Bh2 fxe3 21. fxe3 Bg5 22. e4 Bxc1 23. Rxc1 Nf6 24. Nd6 Rad8 25. e5 Ne8 26. Nxb7 Rxd4 27. Be2 Bd5 28. Nxa5 Rd2 29. Bf3 Rxb2 30. Nxc6 Bxf3 31. gxf3 Rb3 32. Ne7+ Kg7 33. f4 Rxa3 34. Kg2 Ra2+ 35. Kg3 Nc7 36. Rxc7 Rb8 37.
Rc3 Rbb2 38. Nd5 Rxh2 39. Nf6 Rag2+ 40. Kf3 Rxh3+ 41. Kxg2 Rxc3 42. Kf2 Ra3 43. Kg2 h5 44.
Kf2 Ra4 45. Kg3 Ra5 46. Kh4 Ra6 47. Ne8+ Kf8 48. Nc7 Ra7 49. Nb5 Ra4 50. Kg5 Kg7 51. Nd6 Ra6 52. Ne8+ Kf8 53. Nc7 Ra4 54. Nd5 Kg7 55. Nf6 Ra1 56. Ne8+ Kf8 57. Nd6 Rd1 58. Kf6 Rf1 59. f5 h4 60. Kg5 h3 61. e6 fxe6 62. fxg6 h2 63. Kh6 0-1

[Event "*** Titled Tuesday Blitz"]
[Site "Chess.com"]
[Date "2018.07.03"]
[Round "10"]
[White "ChrisTool2"]
[Black "Irochka83"]
[Result "0-1"]
[WhiteElo "2273"]
[BlackElo "2282"]
[TimeControl "180+2"]
[EndTime "15:13:43 PDT"]
[Termination "Irochka83 won by checkmate"]

1. d4 Nf6 2. c4 c5 3. e3 cxd4 4. exd4 d5 5. Nc3 g6 6. Bf4 Bg7 7. Nf3 O-O 8. h3 Nc6 9. Be2 dxc4 10. Bxc4 Na5 11. Be2 Be6 12. O-O Nd5 13. Be5 Nxc3 14. bxc3 Bc4 15. Re1 Rc8 16. Bxc4 Nxc4 17. Bxg7 Kxg7 18.
Rb1 b6 19. d5 Qd6 20. Qd4+ Kg8 21. Rb4 Na5 22. Ng5 Qf6 23. Qh4 h5 24. Rf4 Qxc3 25.
Rxe7 Rc4 26. Nxf7 Qc1+ 27. Kh2 Qxf4+ 28. Qxf4 Rxf4 29. Ne5 Rxf2 30. d6 Rd2 31. d7 Nb7 32.
Nxg6 Rff2 33. Nh4 Rf7 34. Re8+ Kg7 35. Kg3 Rd3+ 36. Nf3 Rfxd7 37. Kh4 Nc5 38. Ne5 R3d4+ 39. g4 R7d5 40. Kxh5 Re4 41. Re7+ Kf6 42. Rxa7 Rdxe5+ 43. Kh6 Re7 44. g5+ Kf5 45. Ra8 Rh4# 0-1

[Event "*** Titled Tuesday Blitz"]
[Site "Chess.com"]
[Date "2018.07.03"]
[Round "10"]
[White "NemtsevIgor"]
[Black "BlackBoarder"]
[Result "1-0"]
[WhiteElo "2389"]
[BlackElo "2234"]
[TimeControl "180+2"]
[EndTime "15:13:44 PDT"]
[Termination "NemtsevIgor won by resignation"]

1. d3 d5 2. g3 Nf6 3. Nf3 c5 4. Bg2 Nc6 5. O-O e6 6. Nc3 Be7 7. e4 O-O 8. e5 Nd7 9. Bf4 g5 10. Bd2 Ndxe5 11. Nxe5 Nxe5 12. f4 gxf4 13. gxf4 Ng6 14. f5 exf5 15. Nxd5 Be6 16. Nxe7+ Qxe7 17. Bc3 Rad8 18. Qh5 b5 19. Rae1 b4 20. Bd2 Qf6 21. Bg5 Qd4+ 22. Kh1 Rd7 23. Re3 f4 24. Re4 Qxb2 25.
Rexf4 Qe5 26. Re4 Qb2 27. Bh6 Rfd8 28. Be3 Bd5 29. Rg4 Bxg2+ 30. Rxg2 Qxa2 31. Bg5 Qd5 32. Qh6 Qc6 33. Bf6 Qxf6 34. Rxf6 a5 35. Ra6 Re7 36. h4 Re1+ 37. Kh2 Ra1 38. h5 a4 39. hxg6 fxg6 40. Rgxg6+ hxg6 41. Rxg6+ Kf7 42. Rg7+ 1-0

[Event "*** Titled Tuesday Blitz"]
[Site "Chess.com"]
[Date "2018.07.03"]
[Round "10"]
[White "stolencandy13"]
[Black "nurmiTV"]
[Result "1-0"]
[WhiteElo "2342"]
[BlackElo "2485"]
[TimeControl "180+2"]
[EndTime "15:13:44 PDT"]
[Termination "stolencandy13 won on time"]

1. e4 c5 2. Nf3 e6 3. d4 cxd4 4. Nxd4 a6 5. c4 Nf6 6. Nc3 Bb4 7.
Qd3 Qc7 8. Be2 Nc6 9. Nxc6 bxc6 10.
O-O O-O 11. Bg5 Be7 12. Bh4 e5 13. Bg3 d6 14. Rac1 Rb8 15. b3 Qa5 16. Rfd1 Be6 17.
Na4 Nd7 18. c5 dxc5 19. Qxa6 Qb4 20. f3 Bg5 21. Rc2 Be3+ 22. Kh1 Rfc8 23. Qd3 Bd4 24. Be1 Qa3 25. Qd2 Nb6 26. Nxb6 Rxb6 27. Qc1 Ra8 28. Qxa3 Rxa3 29. Rdc1 Kf8 30. Bc3 Bd7 31. Bxd4 cxd4 32.
Bc4 Ke7 33. Kg1 f5 34. exf5 Bxf5 35. Re2 Kd6 36. Rce1 Ra5 37. g4 Bg6 38. h4 h6 39.
f4 Rb8 40. Rxe5 Rxe5 41. fxe5+ Kc5 42. Kf2 Kb4 43. e6 Kc3 44. e7 d3 45. h5 Be8 46. Re3 Kb2 47. Rxd3 Kxa2 48. Rd8 1-0

[Event "*** Titled Tuesday Blitz"]
[Site "Chess.com"]
[Date "2018.07.03"]
[Round "10"]
[White "Morshynska"]
[Black "racquetball1"]
[Result "1-0"]
[WhiteElo "2140"]
[BlackElo "2014"]
[TimeControl "180+2"]
[EndTime "15:13:55 PDT"]
[Termination "Morshynska won by resignation"]

1. d4 Nf6 2. c4 g6 3. Nc3 Bg7 4. Nf3 O-O 5. g3 d6 6. Bg2 Nbd7 7. h3 c6 8. O-O Qc7 9. Be3 Re8 10. Qd2 e5 11. dxe5 dxe5 12. Bh6 Bh8 13. Ng5 Nc5 14. Rad1 Ne6 15. Qd6 Bg7 16. Bxg7 Qxd6 17. Rxd6 Kxg7 18.
h4 Nd4 19. e3 Nf5 20. Rd2 h6 21. Nf3 Ng4 22. Ne4 Be6 23. b3 b6 24. Bh3 h5 25.
Rfd1 Ngxe3 26. fxe3 Nxe3 27. Bxe6 Nxd1 28. Rxd1 Rxe6 29. Rd7 Kf8 30. Nfg5 Re7 31. Nh7+ Kg7 32. Rxe7 Kxh7 33. Rxf7+ Kg8 34. Rf6 Kg7 35. Rxc6 Rd8 36.
Rd6 Rf8 37. Rd7+ Kg8 38. Kg2 Rf5 39. b4 Kf8 40. c5 bxc5 41. bxc5 Ke8 42. c6 Rf6 43.
Nxf6+ 1-0

[Event "*** Titled Tuesday Blitz"]
[Site "Chess.com"]
[Date "2018.07.03"]
[Round "10"]
[White "dolynachess"]
[Black "Karina_Oparina"]
[Result "1-0"]
[WhiteElo "2398"]
[BlackElo "2192"]
[TimeControl "180+2"]
[EndTime "15:14:02 PDT"]
[Termination "dolynachess won by resignation"]

1. d4 Nf6 2. c4 e6 3. g3 Bb4+ 4. Nd2 c5 5. Nf3 cxd4 6. Nxd4 Nc6 7. Nc2 Ba5 8. Bg2 d5 9. O-O O-O 10. cxd5 Nxd5 11. Nc4 Bc7 12. Nd4 Ndb4 13. Nxc6 Nxc6 14. Be3 e5 15. Rc1 Be6 16. Qa4 Qe8 17. Rfd1 a6 18.
Bxc6 Qxc6 19. Qxc6 bxc6 20. b3 Rfd8 21. f3 a5 22. Kf2 f6 23. Bb6 Rxd1 24. Rxd1 Bxc4 25.
Bxc7 Bd5 26. e4 Bf7 27. Rd6 c5 28. Ke3 a4 29. bxa4 Bxa2 30. a5 c4 31. Rc6 Bb3 32.
Kd2 Kf7 33. Kc3 Ke7 34. Bb6 Rb8 35. a6 Kd7 36. a7 Ra8 37. Rc7+ Kd6 38. Rxg7 Kc6 39.
Be3 h5 40. Rf7 Kb5 41. Rxf6 Rd8 42. Rb6+ Ka5 43. Rb8 1-0

[Event "*** Titled Tuesday Blitz"]
[Site "Chess.com"]
[Date "2018.07.03"]
[Round "10"]
[White "rekosheten"]
[Black "simplerXiao"]
[Result "1-0"]
[WhiteElo "2344"]
[BlackElo "2317"]
[TimeControl "180+2"]
[EndTime "15:14:03 PDT"]
[Termination "rekosheten won by checkmate"]

1. e4 c5 2. Nf3 e6 3. d3 g6 4. Be3 Nc6 5. Nc3 d6 6. d4 cxd4 7. Nxd4 a6 8. Qd2 Ne5 9. h3 Qc7 10. Nb3 b5 11. Bd4 f6 12. a4 b4 13. Na2 Bh6 14. f4 Nc6 15. Be3 Bb7 16. Nxb4 Nxb4 17. Qxb4 a5 18. Qb5+ Bc6 19. Qd3 Ne7 20. Nd4 Kf7 21. f5 Bxe3 22. fxe6+ Kg7 23. Qxe3 d5 24. Qc3 dxe4 25. O-O-O Rhd8 26. Bb5 Qf4+ 27. Kb1 Bd5 28. Rhf1 Qe5 29. Qc5 Rac8 30. Qxe7+ Kh6 31. Qxf6 Qxf6 32. Rxf6 Kg5 33. Rdf1 e3 34. Bd7 Bc4 35. Bxc8 Bxf1 36. Rxf1 Rxc8 37. Re1 Kf4 38. c3 Ke4 39. Kc2 Rf8 40.
Re2 Re8 41. b3 g5 42. Kd1 h5 43. Nc2 Rd8+ 44. Ke1 Kd3 45. Nxe3 Re8 46. Nd5 g4 47. hxg4 h4 48. e7 h3 49. gxh3 Rd8 50. Re3+ Kc2 51. exd8=Q Kxb3 52. Qxa5 Ka3 53. Qb5 Ka2 54. a5 Ka3 55. a6 Ka2 56. a7 Ka1 57. a8=Q# 1-0

[Event "*** Titled Tuesday Blitz"]
[Site "Chess.com"]
[Date "2018.07.03"]
[Round "10"]
[White "David_Paravyan"]
[Black "Paralinch"]
[Result "1-0"]
[WhiteElo "2746"]
[BlackElo "2793"]
[TimeControl "180+2"]
[EndTime "15:14:07 PDT"]
[Termination "David_Paravyan won by resignation"]

1. e4 c5 2. Nf3 e6 3. d4 cxd4 4. Nxd4 Nf6 5. Nc3 Nc6 6. Ndb5 Bb4 7. a3 Bxc3+ 8. Nxc3 d5 9. Bd3 dxe4 10. Nxe4 Nxe4 11.
Bxe4 Qxd1+ 12. Kxd1 e5 13. Be3 Be6 14. Kc1 f5 15.
Bxc6+ bxc6 16. b3 Kf7 17. Kb2 Rhb8 18. Rhe1 Bd5 19. Bc5 e4 20. a4 Rb7 21. Rad1 Re8 22. Re3 f4 23. Rh3 h6 24. Rh4 f3 25. Rf4+ Kg8 26. g3 a6 27. Ka3 Rf7 28. c4 Rxf4 29.
gxf4 Bf7 30. Rd6 Re6 31. Rxe6 Bxe6 32. Kb4 e3 33. Bxe3 Bf5 34. Ka5 Bc2 35. Kxa6 Bxb3 36. a5 Bxc4+ 37. Kb7 Kf7 38. a6 c5 39. Bxc5 Ke6 40. a7 Bd5+ 41. Kb8 Kf5 42. Bf8 g6 43. Bxh6 Kg4 44. a8=Q Bxa8 45. Kxa8 Kh3 46. Bg5 Kxh2 47. Bh4 Kh3 48. Bg3 1-0

[Event "*** Titled Tuesday Blitz"]
[Site "Chess.com"]
[Date "2018.07.03"]
[Round "10"]
[White "albi1999"]
[Black "attack2mateU"]
[Result "1/2-1/2"]
[WhiteElo "2521"]
[BlackElo "2650"]
[TimeControl "180+2"]
[EndTime "15:14:11 PDT"]
[Termination "Game drawn by repetition"]

1. d4 Nf6 2. c4 e6 3. g3 c5 4. Nf3 cxd4 5. Nxd4 d5 6. Bg2 e5 7. Nf3 d4 8. O-O Nc6 9. e3 Be7 10. exd4 exd4 11. Bf4 O-O 12. Ne5 Nxe5 13. Bxe5 Bc5 14. Nd2 Re8 15. Bxf6 Qxf6 16. Ne4 Qb6 17. b4 Bxb4 18. Rb1 Qa5 19. Qxd4 Bf5 20. c5 Bxe4 21. Qxb4 Qxb4 22. Rxb4 Bxg2 23. Kxg2 Rec8 24.
Rxb7 Rxc5 25. Rd1 g6 26. Rdd7 Rf5 27. Rxa7 Rc8 28. Rd2 h5 29. h4 Rc3 30. Rb2 Kg7 31. Rab7 Ra3 32. R7b3 Rfa5 33. Rxa3 Rxa3 34. Kf1 g5 35. hxg5 Kg6 36. Ke2 Kxg5 37. Kd1 f5 38. Kc1 h4 39. gxh4+ Kxh4 40. Rc2 f4 41. Kb2 Ra8 42. Kb3 Rb8+ 43. Kc3 Ra8 44. Kb2 Kh3 45. a3 Kg2 46. Kb3 Rb8+ 47. Ka2 Ra8 48. Kb3 Rb8+ 49. Ka2 Ra8 50. Kb3 f3 51. a4 Rb8+ 52. Ka3 Ra8 53.
Kb4 Rb8+ 54. Ka3 Ra8 55. Kb4 Rb8+ 56. Ka3 1/2-1/2

[Event "*** Titled Tuesday Blitz"]
[Site "Chess.com"]
[Date "2018.07.03"]
[Round "10"]
[White "meoluoi91"]
[Black "djamir"]
[Result "1-0"]
[WhiteElo "2524"]
[BlackElo "2583"]
[TimeControl "180+2"]
[EndTime "15:14:13 PDT"]
[Termination "meoluoi91 won by resignation"]

1. d4 f5 2. c4 Nf6 3. Nc3 d6 4. e3 g6 5. Bd3 Bg7 6. Nge2 O-O 7.
Qc2 e5 8. f3 Nc6 9. a3 a5 10.
Bd2 Nd7 11. d5 Ne7 12. e4 Nc5 13. Be3 Nxd3+ 14. Qxd3 f4 15. Bf2 b6 16. Kd2 g5 17.
b4 Bd7 18. c5 bxc5 19. bxc5 Ng6 20. Rab1 g4 21. fxg4 Bxg4 22. h3 f3 23. hxg4 fxg2 24. Rhg1 Rxf2 25. Qg3 Qg5+ 26. Kc2 Raf8 27. Rxg2 Rxg2 28.
Qxg2 Bh6 29. Rd1 Nf4 30. Nxf4 exf4 31. Qf3 Bg7 32. c6 Rb8 33. Rb1 Rxb1 34. Nxb1 Qe5 35. Nc3 Qd4 36. Nd1 Qc4+ 37. Kd2 Qa2+ 38. Ke1 Be5 39.
g5 Qb1 40. Kf1 a4 41. Kg2 Qc2+ 42. Kh3 Kg7 43. Nf2 Qb3 44. Nd3 Bb2 45. Kg4 Bxa3 46.
Qh3 Kg8 47. Kf5 Bb2 48. g6 hxg6+ 49. Kxg6 Kf8 50. Qc8+ Ke7 51. Qd7+ 1-0

[Event "*** Titled Tuesday Blitz"]
[Site "Chess.com"]
[Date "2018.07.03"]
[Round "10"]
[White "chessking2151"]
[Black "QDcoach"]
[Result "1/2-1/2"]
[WhiteElo "2497"]
[BlackElo "2654"]
[TimeControl "180+2"]
[EndTime "15:14:23 PDT"]
[Termination "Game drawn by agreement"]

1. e4 c5 2. Nf3 Nc6 3. Bb5 g6 4. Bxc6 dxc6 5. d3 Bg7 6. h3 Nf6 7. Nc3 O-O 8. Bf4 Nd7 9. O-O e5 10. Be3 Qe7 11. Qd2 b6 12. Nh2 Ba6 13. Rad1 Rad8 14. b3 f5 15. Bg5 Nf6 16. exf5 gxf5 17. Rfe1 Rfe8 18. Ne2 Qf7 19. Ng3 Bc8 20. Nf3 e4 21. Nh4 Rd5 22. Qc1 Nh5 23. dxe4 Rxd1 24. Qxd1 Nxg3 25. fxg3 fxe4 26. Rf1 Qd5 27. Qh5 Rf8 28.
Rxf8+ Kxf8 29. c4 Qe5 30. Kh2 Kg8 31. a4 Bd7 32. Qd1 Qd4 33. Qe2 Qc3 34. Qd1 Be5 35. Bf4 Bxf4 36. gxf4 Qd4 37. Qh5 Qf6 38. Qg5+ Qxg5 39.
fxg5 b5 40. axb5 cxb5 41. cxb5 Bxb5 42. Nf5 c4 43. bxc4 Bxc4 44. Kg3 a5 45. Kf4 a4 46. Ne3 Bd3 47. Nd1 a3 48. Nc3 Kf7 49. g4 Ke6 50. h4 Bc4 51. h5 a2 52. Nxa2 Bxa2 53. Kxe4 Bb1+ 54. Kf4 Bc2 55. g6 hxg6 56. hxg6 Bxg6 57.
g5 1/2-1/2

[Event "*** Titled Tuesday Blitz"]
[Site "Chess.com"]
[Date "2018.07.03"]
[Round "10"]
[White "pedromartinez91"]
[Black "dachessmandan"]
[Result "1/2-1/2"]
[WhiteElo "2428"]
[BlackElo "2426"]
[TimeControl "180+2"]
[EndTime "15:14:26 PDT"]
[Termination "Game drawn - insufficient material"]

1. e4 e5 2. Nf3 Nc6 3. Bb5 a6 4.
Ba4 Nf6 5. Kf1 b5 6. Bb3 Be7 7. d3 O-O 8. a3 d5 9. exd5 Nxd5 10. Nc3 Be6 11. Bd2 Nxc3 12. Bxc3 Bxb3 13. cxb3 Qd5 14. b4 Rad8 15. Qe2 Bf6 16. Qe4 Qxd3+ 17. Qxd3 Rxd3 18. Ke2 Rfd8 19. Rhd1 e4 20. Ne1 Nd4+ 21. Bxd4 R3xd4 22. Rxd4 Rxd4 23. Rc1 Rc4 24. Rxc4 bxc4 25. Ke3 Bxb2 26. Kxe4 Bxa3 27. Nc2 Bb2 28. Kd5 Bc3 29. Kc6 a5 30. b5 Be5 31. g3 a4 32. f4 Bc3 33. Kxc7 g5 34. fxg5 Kg7 35. b6 Kg6 36. b7 Be5+ 37. Kc6 Kxg5 38. Kd5 Bc7 39. Kxc4 Kg4 40. Kd4 Kh3 41.
Ke4 Kxh2 42. g4 Kg3 43. Kf5 f6 44. Na3 Kf3 45. Nb5 Bb8 46. Nd4+ Ke3 47. Nc6 Bd6 48. Kxf6 a3 49. Ke6 Bc7 50. Kd7 Bf4 51. Nb4 Kf3 52. g5 Kg4 53. Nd5 Bb8 54. Kc8 a2 55. Kxb8 a1=Q 56. Kc8 Qc1+ 57. Nc7 Qxg5 58. b8=Q Qg8+ 59.
Kb7 Qxb8+ 60. Kxb8 h5 61. Nd5 h4 62. Ne3+ Kf3 63. Nf1 Kg2 64. Ne3+ Kf2 65. Ng4+ Kf3 66. Nh2+ Kf4 67. Kc7 h3 68. Kd6 Kg3 69. Nf1+ Kg2 70. Ne3+ Kg1 71. Ng4 Kg2 72. Ke5 Kf3 73. Kf5 h2 74.
Nxh2+ 1/2-1/2

[Event "*** Titled Tuesday Blitz"]
[Site "Chess.com"]
[Date "2018.07.03"]
[Round "10"]
[White "dretch"]
[Black "SergeiAza"]
[Result "1-0"]
[WhiteElo "2799"]
[BlackElo "2707"]
[TimeControl "180+2"]
[EndTime "15:14:40 PDT"]
[Termination "dretch won by resignation"]

1. d4 d5 2. c4 e6 3. Nc3 Be7 4. cxd5 exd5 5. Bf4 c6 6. e3 Bf5 7. Nge2 Nd7 8. Ng3 Bg6 9. h4 h5 10. Be2 Ngf6 11. Qd2 O-O 12. Bg5 Re8 13. a3 a5 14.
Qd1 c5 15. O-O cxd4 16. exd4 Ne4 17. Bxe7 Nxc3 18. Bxd8 Nxd1 19. Rfxd1 Raxd8 20. Bxh5 Nb6 21. Bxg6 fxg6 22. Rdc1 a4 23. Rc7 Rd7 24. Rxd7 Nxd7 25. Rc1 b5 26. Kf1 b4 27. Rc7 Nb6 28. axb4 Nc4 29. h5 gxh5 30. Nxh5 Rb8 31. Rxg7+ Kf8 32. Ra7 Rxb4 33. g4 Nd2+ 34. Ke2 Rxb2 35. Rxa4 Ne4+ 36.
Ke3 Nxf2 37. Kf4 Nd3+ 38. Kg5 Rb4 39. Ra8+ Ke7 40. Ra7+ Kd6 41. Ng7 Rb1 42. Nf5+ Kc6 43.
Kf6 Rg1 44. g5 Nf4 45. Ne7+ Kb5 46. Kf5 Ne2 47. g6 Nxd4+ 48. Kf6 Rf1+ 49. Ke5 Nc6+ 50. Nxc6 Kxc6 51. g7 Rg1 52. Kf6 Kc5 53. Ra8 d4 54.
g8=Q Rxg8 55. Rxg8 d3 56. Ke5 Kc4 57. Rd8 d2 58.
Rxd2 1-0

[Event "*** Titled Tuesday Blitz"]
[Site "Chess.com"]
[Date "2018.07.03"]
[Round "10"]
[White "eljanov"]
[Black "Dr_Mortimer"]
[Result "0-1"]
[WhiteElo "2657"]
[BlackElo "2818"]
[TimeControl "180+2"]
[EndTime "15:14:48 PDT"]
[Termination "Dr_Mortimer won by resignation"]

1. c4 Nf6 2. Nc3 g6 3. g3 Bg7 4. Bg2 O-O 5. e4 d6 6. Nge2 e5 7. O-O c6 8. d3 a6 9. h3 b5 10. Be3 b4 11. Nb1 a5 12. Nd2 c5 13. f4 exf4 14. gxf4 Ra6 15. Ng3 Ne8 16. Rb1 Nc6 17.
Nf3 Qe7 18. Qd2 a4 19. Kh2 a3 20. b3 Bc3 21. Qf2 f5 22. exf5 Bxf5 23. Nxf5 Rxf5 24. Ng5 Nf6 25. Ne4 Nxe4 26. dxe4 Rf8 27. Qg3 Kh8 28. Rbd1 Bd4 29. e5 dxe5 30. Rde1 e4 31. Bxd4+ Nxd4 32. Rxe4 Re6 33. Rfe1 Rxe4 34. Rxe4 Qf6 35.
Qe3 Rf7 36. Qg3 Kg7 37. Qe3 h5 38. Kh1 h4 39. Kh2 Qd6 40. Re5 Rf5 41. Bd5 Qf6 42.
Re7+ Kh6 43. Rf7 Qd6 44. Rxf5 Nxf5 45. Qe5 Qxe5 46. fxe5 Kg7 47. Kg2 Nd4 48. Kf2 Kf8 49.
Ke3 Ke7 50. Be4 g5 51. Bd5 Nxb3 52. Kd3 Nd4 0-1

[Event "*** Titled Tuesday Blitz"]
[Site "Chess.com"]
[Date "2018.07.03"]
[Round "10"]
[White "Saitama_Hero"]
[Black "26andrej26"]
[Result "0-1"]
[WhiteElo "2336"]
[BlackElo "2411"]
[TimeControl "180+2"]
[EndTime "15:15:00 PDT"]
[Termination "26andrej26 won on time"]

1. d4 Nf6 2. c4 g6 3. Nc3 Bg7 4. e4 d6 5. f4 O-O 6. Nf3 c5 7. d5 e6 8. dxe6 Bxe6 9. Bd3 Bg4 10. h3 Bxf3 11. Qxf3 Nc6 12. O-O Re8 13. Be3 Nh5 14. g4 Nd4 15. Qf2 Nf6 16. Rad1 a6 17. f5 gxf5 18.
g5 Nxe4 19. Bxe4 fxe4 20. Qxf7+ Kh8 21. Qh5 Re5 22. Bf4 Qe8 23. Qxe8+ Rexe8 24. Bxd6 b6 25. Rde1 Nf3+ 26. Kg2 Nxe1+ 27. Rxe1 Be5 28. Bxe5+ Rxe5 29.
h4 e3 30. Re2 Rd8 31. Nd5 b5 32. b3 Kg7 33. Kg3 Rf8 34. Nf4 bxc4 35. bxc4 Re4 36. Nh5+ Kg6 37. Nf6 Re6 38. Kg4 Rd8 39. h5+ Kg7 40.
Nd5 Rde8 41. Nf6 Rb8 42. Nd5 Rbe8 43. Nf6 R8e7 44. Nd5 Rf7 45. h6+ Kf8 46. Nf6 Rb7 47. Kf5 Ree7 48. g6 hxg6+ 49. Kxg6 Rb6 50. h7 Rg7+ 51. Kf5 Rxf6+ 52. Kxf6 Rxh7 53. Rxe3 Rh4 54. Rb3 Rf4+ 55. Ke6 Rxc4 56. Rb7 Rb4 57. Kf6 Rxb7 0-1

[Event "*** Titled Tuesday Blitz"]
[Site "Chess.com"]
[Date "2018.07.03"]
[Round "10"]
[White "penguingm1"]
[Black "Shant_Sargsyan"]
[Result "1-0"]
[WhiteElo "2797"]
[BlackElo "2891"]
[TimeControl "180+2"]
[EndTime "15:15:04 PDT"]
[Termination "penguingm1 won by resignation"]

1. d4 Nf6 2. c4 e6 3. Nc3 Bb4 4. Qc2 d5 5. cxd5 exd5 6. Bg5 h6 7. Bh4 c5 8. dxc5 g5 9. Bg3 Ne4 10. e3 Qa5 11. Rc1 Qxa2 12. Bb5+ Bd7 13. Bxd7+ Nxd7 14. Ne2 Nxc3 15. Nxc3 Qc4 16. Bd6 Nxc5 17. Bxc5 Qxc5 18.
O-O O-O 19. Qf5 Bxc3 20. Rxc3 Qd6 21. Rd1 Qe6 22. Rxd5 Qxf5 23. Rxf5 Rac8 24. Rfc5 Rxc5 25.
Rxc5 Rd8 26. g4 Rd2 27. b4 Rb2 28. b5 Kf8 29. Rc8+ Kg7 30. Rc5 Kf8 31. Rc8+ Kg7 32. Rc5 Kf8 33. Kg2 Rb4 34. Kg3 Kg7 35. f3 Rb3 36. e4 Rb2 37. h4 Kg6 38. h5+ Kg7 39.
e5 Kf8 40. Rc8+ Kg7 41. e6 Kf6 42. exf7 Kxf7 43. Rc7+ Kf6 44. Rxb7 Rb3 45. Rxa7 Rxb5 46. Rh7 Ra5 47. Rxh6+ Kf7 48. Rg6 Rb5 49. Kf2 Ra5 50.
Rd6 Rb5 51. Ke3 Ke7 52. Rg6 Kf7 53. Rc6 Ra5 54. Ke4 Rb5 55. Rd6 Ra5 56. Rd5 Ra4+ 57. Kf5 Ra3 58. Kxg5 Kg7 59. f4 Kh7 60. Rd7+ Kg8 61. f5 Ra5 62. Kg6 Ra6+ 63. f6 Ra8 64.
Rg7+ Kh8 65. Rh7+ Kg8 66. f7+ Kf8 67. Rh8+ Ke7 68. Rxa8 Ke6 69. f8=Q 1-0

[Event "*** Titled Tuesday Blitz"]
[Site "Chess.com"]
[Date "2018.07.03"]
[Round "10"]
[White "rasmussvane"]
[Black "ChainsOfFantasia"]
[Result "1/2-1/2"]
[WhiteElo "2597"]
[BlackElo "2428"]
[TimeControl "180+2"]
[EndTime "15:15:07 PDT"]
[Termination "Game drawn - insufficient material"]

1. Nf3 Nf6 2. c4 e6 3. g3 d5 4. Bg2 Be7 5. O-O O-O 6. b3 c5 7. Bb2 d4 8. e3 Nc6 9. exd4 cxd4 10. Re1 Re8 11. d3 Bc5 12. Ne5 Nxe5 13. Rxe5 Bd6 14.
Re1 e5 15. Ba3 a5 16. Bxd6 Qxd6 17. Nd2 Ra7 18. Ne4 Nxe4 19. Bxe4 b6 20. Bd5 Be6 21. Bxe6 Rxe6 22. Qf3 g6 23. Qd5 Qxd5 24. cxd5 Ree7 25. d6 Re6 26. Rac1 Rd7 27. Rc6 Rdxd6 28. Rxd6 Rxd6 29. Rxe5 Rc6 30. Rb5 a4 31. bxa4 Rc3 32. Rxb6 Rxd3 33. Rd6 Kf8 34. Kf1 Ke7 35. Ke2 Ra3 36. Rxd4 Rxa2+ 37. Ke3 Ke6 38. Re4+ Kf5 39. Rf4+ Ke6 40. Rb4 h5 41. h4 Ke5 42. Kf3 Ra3+ 43. Kg2 Kf5 44.
Rb5+ Kf6 45. Ra5 Kg7 46. Ra6 Kh6 47. Ra8 f6 48. a5 g5 49. hxg5+ fxg5 50. f4 h4 51. a6 Rxg3+ 52. Kf2 Ra3 53. a7 Kh7 54. f5 g4 55. f6 Ra2+ 56. Ke3 g3 57. f7 g2 58. Rh8+ Kg6 59. Rg8+ Kxf7 60. Rxg2 Rxa7 61.
Kf4 Ra4+ 62. Kg5 Ke6 63. Rg4 Rxg4+ 64. Kxg4 Ke5 65. Kxh4 1/2-1/2

[Event "*** Titled Tuesday Blitz"]
[Site "Chess.com"]
[Date "2018.07.03"]
[Round "10"]
[White "Korchmar_Vasiliy"]
[Black "joppie2"]
[Result "1-0"]
[WhiteElo "2740"]
[BlackElo "2737"]
[TimeControl "180+2"]
[EndTime "15:15:13 PDT"]
[Termination "Korchmar_Vasiliy won by resignation"]

1. d4 d5 2. Nf3 Nf6 3. Bf4 c5 4. e3 Nc6 5. Nbd2 cxd4 6. exd4 Qb6 7. Nb3 Bf5 8. c3 e6 9. a4 a6 10. a5 Qd8 11. Bd3 Bxd3 12. Qxd3 Bd6 13. Bxd6 Qxd6 14.
O-O O-O 15. Nc5 Qc7 16. b4 Na7 17. Rfe1 Nb5 18. Ne5 Nd6 19. Re3 Nfe4 20. Rh3 h6 21. f3 Nxc5 22. bxc5 Nb5 23. Qe3 f6 24. Ng4 Kf7 25.
Re1 Rae8 26. Qd3 Rh8 27. Rg3 Kf8 28. Ne3 Re7 29. Qg6 Nxc3 30. Ng4 Qf4 31. Qd3 Nb5 32. Rd1 Qc7 33. Qg6 Nc3 34. Re1 Qf4 35. Qd3 Nb5 36.
Rd1 h5 37. Ne3 g5 38. Kh1 f5 39. Nc2 g4 40. fxg4 hxg4 41. Rf1 Qg5 42. Kg1 Reh7 43. h3 Qf6 44. Rxg4 Rh4 45. Rxh4 Rxh4 46. Qg3 Nxd4 47. Qb8+ Kg7 48. Qxb7+ Kh6 49. Nxd4 Qxd4+ 50. Kh1 Qd3 51. Rf3 Qe4 52. Qe7 Qe1+ 53. Kh2 Qe5+ 54. Rg3 Qf4 55. Qf8+ Kh5 56. Qf7+ 1-0

[Event "*** Titled Tuesday Blitz"]
[Site "Chess.com"]
[Date "2018.07.03"]
[Round "10"]
[White "gmjlh"]
[Black "Flawless2018"]
[Result "1-0"]
[WhiteElo "2657"]
[BlackElo "2427"]
[TimeControl "180+2"]
[EndTime "15:15:21 PDT"]
[Termination "gmjlh won by resignation"]

1. e4 e5 2. Nf3 Nc6 3. Bb5 a6 4. Ba4 d6 5. Bxc6+ bxc6 6. d4 exd4 7. Nxd4 c5 8. Nf3 Nf6 9. O-O Be7 10. Nc3 O-O 11. h3 Bb7 12. Re1 Nd7 13. Bf4 Bf6 14.
Qd3 Re8 15. Nd2 Nb6 16. Rad1 Qd7 17. Qg3 g6 18. e5 Bg7 19. Nde4 Bxe4 20. Nxe4 Qb5 21.
exd6 cxd6 22. b3 d5 23. Nd6 Rxe1+ 24. Rxe1 Qd7 25. Qg4 Qxg4 26. hxg4 a5 27. Re7 Rf8 28. Ra7 c4 29. Rxa5 cxb3 30. axb3 Ra8 31. Rxa8+ Nxa8 32. Nc8 Kf8 33. Be3 Ke8 34. Nb6 Nxb6 35. Bxb6 Kd7 36. Kf1 Kc6 37. Be3 Bf6 38. Ke2 Be5 39. Kd3 Bd6 40. c4 f6 41. f3 f5 42. gxf5 gxf5 43. Bd2 h5 44. b4 Bf8 45. b5+ Kb6 46. Be3+ Ka5 47. Kd4 dxc4 48. Kxc4 h4 49. Bd2+ Kb6 50. Be3+ Ka5 51. Bc5 Bg7 52. b6 Ka6 53. Kd5 Kb7 54.
Ke6 f4 55. Bf2 Bh6 56. Bxh4 Kxb6 57. Kf7 Kc6 58. Be7 Kd7 59. Kg6 Bg7 60. Kxg7 Kxe7 61.
Kg6 Ke6 62. Kg5 1-0

[Event "*** Titled Tuesday Blitz"]
[Site "Chess.com"]
[Date "2018.07.03"]
[Round "10"]
[White "Roachelley"]
[Black "florianschwabeneder"]
[Result "0-1"]
[WhiteElo "2318"]
[BlackElo "2475"]
[TimeControl "180+2"]
[EndTime "15:15:46 PDT"]
[Termination "florianschwabeneder won by checkmate"]

1. e4 e5 2. Nf3 Nc6 3. Bb5 a6 4. Ba4 g6 5. O-O Bg7 6. c3 Nge7 7. d4 b5 8. Bc2 exd4 9. cxd4 d6 10. Nc3 O-O 11. h3 Nb4 12. Bb3 c5 13. Bg5 h6 14.
Be3 c4 15. Bc2 Nxc2 16. Qxc2 d5 17. Ne5 Bb7 18. Rfe1 Rc8 19. Qd2 dxe4 20. Bf4 Nf5 21. Rad1 g5 22. Bh2 Nd6 23. Qe2 Re8 24. Qh5 Qe7 25.
Ng4 Nf5 26. d5 Rcd8 27. d6 Qe6 28. Ne3 Nxe3 29. Rxe3 f5 30. Rde1 Qf7 31. Qd1 b4 32. Na4 f4 33. R3e2 Qg6 34. Nc5 Rxd6 35. Qa4 Bc6 36.
Qxb4 Kh7 37. Nxa6 Ra8 38. Nc7 Rxa2 39. Qxc4 Ra4 40. Qb3 Ra7 41. Qb6 Rb7 42. Qa5 Rd7 43. Na6 Bb5 44. Nc5 Bxe2 45. Nxb7 Rxb7 46. Rxe2 Rxb2 47.
Rxb2 Bxb2 48. Qc7+ Bg7 49. Qc4 Qf5 50. Kf1 Qe5 51.
Ke2 Qb2+ 52. Kd1 Qd4+ 53. Qxd4 Bxd4 54. Ke2 Kg6 55. f3 Kf5 56. g4+ Ke5 57. fxe4 Kxe4 58. Kf1 Kf3 59. h4 Bf2 60. hxg5 hxg5 61. Bxf4 gxf4 62. g5 Bd4 63. g6 Bg7 64. Kg1 Kg3 65. Kf1 f3 66. Ke1 f2+ 67. Kf1 Bf6 68. Ke2 Kg2 69. Ke3 f1=Q 70. Ke4 Qb1+ 71. Kd5 Qxg6 72. Ke6 Bc3+ 73. Kd5 Kf3 74. Kc4 Qd6 75. Kxc3 Ke3 76.
Kc4 Qc6+ 77. Kb4 Kd3 78. Kb3 Qb5+ 79. Ka2 Kc3 80. Ka1 Qb2# 0-1